[Event "LN Tolstoy Memorial 2021"]
[Site "Yasnaya Polyana"]
[Date "2021.09.12"]
[Round "9.2"]
[White "Tomashevsky, Evgeny"]
[Black "Abdusattorov, Nodirbek"]
[Result "1/2-1/2"]
[ECO "A04"]
[WhiteElo "2708"]
[BlackElo "2648"]
[Annotator "RC"]
[PlyCount "96"]
[EventDate "2021.09.11"]
[EventType "tourn"]
[EventCountry "RUS"]
[SourceTitle "playchess.com"]
[Source "ChessBase"]
[SourceQuality "1"]
[TimeControl "900+10"]

1. Nf3 c5 2. c4 Nc6 3. Nc3 g6 4. e3 Nf6 5. d4 cxd4 6. exd4 d5 7. cxd5 Nxd5 8. Qb3 Nxc3 9. Bc4 e6 10. bxc3 Bg7 11. Ba3 Bf8 12. Bc1 Bg7 13. Ba3 Bf8 14. O-O Bxa3 15. Qxa3 Qe7 16. Qc1 O-O 17. Qh6 Qf6 18. Ng5 Qg7 19. Qh4 Na5 20. Bd3 b6 21. Ne4 f6 22. Rfe1 Bb7 23.
Nd6 Qd7 24. Nxb7 Nxb7 25. Re3 Nd6 26. Rae1 Rae8 27. Qg4 f5 28. Qf4 Rf7 29. h4 Rfe7 30. h5 Nf7 31. Bc4 Kg7 32. Bb3 Qd6 33.
h6+ Kf8 34. Qh4 e5 35. dxe5 Rxe5 36. Qc4 Nxh6 37. Rxe5 Rxe5 38.
Qc8+ Kg7 39. Rd1 Ng4 40. g3 Qf6 41. Rd7+ Re7 42. Qc7 Rxd7 43.
Qxd7+ Kh6 44. Qxa7 Qd8 45. Qb7 Qd6 46. Qh1+ Kg7 47. Qb7+ Kh6 48. Qh1+ Kg7 1/2-1/2

[Event "LN Tolstoy Memorial 2021"]
[Site "Yasnaya Polyana"]
[Date "2021.09.12"]
[Round "9.3"]
[White "Paravyan, David"]
[Black "Vitiugov, Nikita"]
[Result "1-0"]
[ECO "B41"]
[WhiteElo "2660"]
[BlackElo "2727"]
[Annotator "RC"]
[PlyCount "89"]
[EventDate "2021.09.11"]
[EventType "tourn"]
[EventCountry "RUS"]
[SourceTitle "playchess.com"]
[Source "ChessBase"]
[SourceQuality "1"]
[TimeControl "900+10"]

1. e4 c5 2. Nf3 e6 3. d4 cxd4 4. Nxd4 a6 5. a3 Nf6 6. Nc3 Qc7 7. f4 d6 8. Be3 h5 9. Be2 b5 10. O-O Bb7 11. Bf3 Nbd7 12. Qe2 Be7 13.
Rae1 Rc8 14. Kh1 h4 15. h3 g6 16. Qf2 Nh5 17. Nde2 Qc4 18.
Rd1 Qc7 19. Rd2 Rh7 20. Rfd1 Bc6 21. Kg1 Bb7 22. Rd4 Bc6 23. R4d2 Bb7 24. Rd4 Bc6 25. a4 bxa4 26. Nxa4 Qb7 27. Nac3 Qxb2 28. Rb1 Qa3 29. Rc4 Qa5 30. Nd4 Bb7 31. Rxc8+ Bxc8 32. Qd2 Qc7 33. Na4 Ng3 34. c4 e5 35. Ne2 Nxe2+ 36. Bxe2 exf4 37. Bxf4 Ne5 38. Nc3 Be6 39. Nd5 Bxd5 40. Qxd5 Bf6 41. Be3 Rh8 42. c5 Qc6 43. Rb8+ Ke7 44. cxd6+ Kd7 45. Bg4+ 1-0